 Dungeon Crawl Stone Soup version 0.22-a0-429-g97ce8ef (webtiles) character file.

6289 zhorgal the Arsonist (level 10, -2/50 HPs)
             Began as a Deep Elf Fire Elementalist on May 25, 2018.
             Was a Follower of Vehumet.
             Slain by a death yak (19 damage)
             ... on level 7 of the Dungeon.
             The game lasted 00:58:06 (11478 turns).

zhorgal the Arsonist (Deep Elf Fire Elementalist)  Turns: 11478, Time: 00:58:07

Health: -2/50      AC: 10    Str:  5    XL:     10   Next: 63%
Magic:  3/25       EV: 16    Int: 24    God:    Vehumet [*.....]
Gold:   185        SH:  0    Dex: 15    Spells: 14/27 levels left

rFire    . . .     SeeInvis .   N - +0 dagger (venom)
rCold    . . .     Gourm    .   (no shield)
rNeg     + . .     Faith    +   f - +0 robe
rPois    .         Spirit   .   x - +0 helmet
rElec    .         Reflect  .   D - +2 cloak
rCorr    .         Harm     .   (no gloves)
MR       +....                  B - +0 pair of boots
Stlth    ++++......             m - amulet of faith
HPRegen  0.16/turn              t - +3 ring of protection
MPRegen  0.19/turn              A - ring of positive energy

@: no status effects
A: no striking features
a: Renounce Religion


You were on level 7 of the Dungeon.
You worshipped Vehumet.
Vehumet was aware of your devotion.
You were not hungry.

You visited 2 branches of the dungeon, and saw 9 of its levels.

You collected 383 gold pieces.
You spent 198 gold pieces at shops.

Inventory:

Hand Weapons
 b - a +0 short sword
 n - a +2 dagger of flaming
 o - a +1 spear
 p - a +0 trident
 u - a +0 blowgun
 w - a +0 whip of flaming
 C - a +2 quarterstaff of chaos
 I - a +0 shortbow
 K - a +0 hunting sling
 L - a +0 rapier
 N - a +0 dagger of venom (weapon)
 Q - a +0 morningstar
 V - a +1 hand axe of electrocution
 W - a +1 scimitar of flaming
Missiles
 d - 211 stones (quivered)
 i - 17 tomahawks
 v - 28 poisoned needles
 J - 83 arrows
 S - 49 sling bullets
Armour
 f - a +0 robe (worn)
 h - a +0 leather armour
 q - a +0 ring mail
 x - a +0 helmet (worn)
 B - a +0 pair of boots (worn)
 D - a +2 cloak (worn)
Jewellery
 a - an uncursed ring of flight {unknown}
 m - an amulet of faith (around neck)
 t - a +3 ring of protection (left hand)
 y - a +3 ring of dexterity {unknown}
 z - an uncursed amulet of guardian spirit {unknown}
 A - a ring of positive energy (right hand)
 E - a cursed ring of teleportation {unknown}
 M - an uncursed amulet of harm {unknown}
Wands
 F - a wand of disintegration (16)
 U - a wand of flame (41)
Scrolls
 r - 3 scrolls of remove curse
 G - 5 scrolls of teleportation
 H - 8 scrolls of identify
 O - 3 scrolls of immolation
 P - 5 scrolls of amnesia
 T - a scroll of enchant weapon
 X - a scroll of blinking {unknown}
Potions
 e - a potion of haste
 g - 2 potions of lignification
 j - 2 potions of curing
 k - a potion of flight {unknown}
 l - 2 potions of agility
 s - a potion of heal wounds
 R - a potion of brilliance {unknown}
Comestibles
 c - 8 rations


   Skills:
 + Level 6.5 Dodging
 + Level 7.1 Stealth
 - Level 9.2 Spellcasting
 + Level 10.0 Conjurations
 + Level 10.4 Fire Magic


You had 14 spell levels left.
You knew the following spells:

 Your Spells              Type           Power        Failure   Level  Hunger
a - Flame Tongue          Conj/Fire      #####        1%          1    None
b - Conjure Flame         Conj/Fire      ######..     1%          3    None
c - Sticky Flame          Conj/Fire      ######..     1%          4    ##.....
d - Fireball              Conj/Fire      ######....   2%          5    ####...

Your spell library contained the following spells:

 Spells                   Type           Power        Failure   Level  Hunger
 Confuse                  Hex            ##......     17%         3    None
 Throw Flame              Conj/Fire      ######       1%          2    None
 Confusing Touch          Hex            ##....       6%          1    None
 Metabolic Englaciation   Hex/Ice        ##........   85%         5    ####...
 Petrify                  Tmut/Erth      ##......     50%         4    ##.....
 Inner Flame              Hex/Fire       #####...     1%          3    None
 Gell's Gravitas          Tloc           ##........   17%         3    None
 Yara's Violent Unravell  Hex/Tmut       ##........   85%         5    ####...


Dungeon Overview and Level Annotations

Branches:
Dungeon (8/15)             Temple (1/1) D:6            Lair (0/6) D:8

Altars:
Ashenzari
Cheibriados
Dithmenos
Elyvilon
Fedhas
Hepliaklqana
Makhleb
Nemelex Xobeh
Qazlal
Ru
Trog
Vehumet
Xom
Yredelemnul
The Shining One

Shops:
D:5 ?   D:6 [


Message History

Your Conjurations skill increases to level 10!
The death yak is engulfed in blazing flames.
There is a stone staircase leading up, spattered with blood here.
The death yak gores you!
You climb upwards.
There is a stone staircase leading down here.
You take 13 damage, and have 31/50 hp.
MASSIVE DAMAGE!!
The death yak gores you!
You take 15 damage, and have 16/50 hp.
MASSIVE DAMAGE!!
Things that are here:
a chain mail; a hand axe
Aim: a death yak (moderately wounded)
The sticky flame hits the death yak.
The death yak is covered in liquid flames!
The death yak burns!
The death yak barely misses you.
You now have 2/25 mp.
The death yak burns!
The death yak burns!
The death yak burns!
The death yak stops burning.
The death yak gores you!!
You die...

########## ####
#......... ...#
#.###.##.# ##.#
################ #.#
#.##.# #.#
#>....[...Y@...# #.#
#.....
#.###[############.#
#.# #.#...
##.##...## #.# #.#
#..... .........#
#.# #.###.#...
##.##...## #.#
#........# ...###.##
#.# #####.#... ####
#.# ##.## #.#### #.#
##...## #.# ##'##
##.....# #.#


You could see a death yak.

Vanquished Creatures
  A two-headed ogre (D:8)
  Erica (D:7)
  2 death yaks (D:8)
  Pikel (D:3)
  Joseph (D:7)
  Grinder (D:5)
  Sigmund (D:6)
  A hungry ghost (D:7)
  A sky beast (D:7)
  An ice beast (D:7)
  3 orc warriors
  4 ogres
  3 centaurs
  A scorpion (D:6)
  6 killer bees (D:8)
  A howler monkey (D:4)
  A quasit (D:6)
  Crazy Yiuf (D:4)
  A centaur skeleton (D:5)
  2 orc wizards
  2 bullfrog skeletons
  5 orc priests
  2 gnoll shamans
  2 hounds
  2 jellies
  Ijyb (D:5)
  An iguana (D:5)
  6 worker ants
  A hound skeleton (D:7)
  8 adders
  13 gnolls
  2 shadow imps
  3 oozes
  An adder skeleton (D:8)
  4 worms
  A dart slug (D:1)
  2 leopard geckos
  34 orcs
  2 ball pythons (D:1)
  5 giant cockroaches
  7 goblins
  10 hobgoblins
  12 jackals
  4 quokkas
  13 bats
  3 frilled lizards
  8 kobolds
  A leopard gecko skeleton (D:4)
  4 rats
193 creatures vanquished.

Vanquished Creatures (others)
  A centaur (D:6)
  An adder (D:6)
  A dart slug (D:1)
  A quokka (D:6)
4 creatures vanquished.

Grand Total: 197 creatures vanquished

Notes
Turn   | Place    | Note
-------+----------+-------------------------------------------
     0 | D:1      | zhorgal the Deep Elf Fire Elementalist began the quest for the Orb.
     0 | D:1      | Reached XP level 1. HP: 10/10 MP: 6/6
   229 | D:1      | Reached XP level 2. HP: 11/15 MP: 1/8
  1392 | D:2      | Reached XP level 3. HP: 19/19 MP: 6/9
  1871 | D:2      | Learned a level 3 spell: Conjure Flame
  1899 | D:2      | Found a glowing golden altar of the Shining One.
  2366 | D:2      | Found a bloodstained altar of Trog.
  2608 | D:3      | Found a blossoming altar of Fedhas.
  2722 | D:3      | Reached XP level 4. HP: 24/24 MP: 0/10
  2750 | D:3      | Found a sacrificial altar of Ru.
  3339 | D:3      | Reached skill level 5 in Fire Magic
  3401 | D:3      | Reached XP level 5. HP: 28/28 MP: 8/11
  3407 | D:3      | Learned a level 4 spell: Sticky Flame
  3477 | D:3      | Found a bloodstained altar of Trog.
  3478 | D:3      | Found a white marble altar of Elyvilon.
  4255 | D:4      | Reached XP level 6. HP: 32/32 MP: 9/13
  4399 | D:4      | Learned a level 5 spell: Fireball
  4982 | D:4      | Found a runed door.
  5014 | D:4      | Noticed a slave
  5014 | D:4      | Noticed a slave
  5014 | D:4      | Noticed Pikel
  5014 | D:4      | Noticed a slave
  5014 | D:4      | Noticed a slave
  5136 | D:3      | Killed Pikel
  5136 | D:3      | Reached skill level 5 in Spellcasting
  5136 | D:3      | Reached skill level 5 in Conjurations
  5136 | D:3      | Reached XP level 7. HP: 28/36 MP: 5/17
  5608 | D:4      | Noticed Crazy Yiuf
  5611 | D:4      | Killed Crazy Yiuf
  5665 | D:5      | Entered Level 5 of the Dungeon
  5745 | D:5      | Noticed Ijyb
  5921 | D:5      | Killed Ijyb
  6195 | D:5      | Reached XP level 8. HP: 41/41 MP: 13/19
  6330 | D:5      | Noticed Grinder
  6340 | D:5      | Killed Grinder
  6509 | D:5      | Found Seffeczewo's Magic Scroll Shoppe.
  6512 | D:5      | Bought a scroll of teleportation for 33 gold pieces
  6512 | D:5      | Bought a scroll of identify for 22 gold pieces
  6512 | D:5      | Bought a scroll of identify for 22 gold pieces
  6512 | D:5      | Bought a scroll of identify for 22 gold pieces
  6512 | D:5      | Bought a scroll of teleportation for 33 gold pieces
  6512 | D:5      | Bought a scroll of teleportation for 33 gold pieces
  6512 | D:5      | Bought a scroll of teleportation for 33 gold pieces
  7814 | D:6      | Found Cepoisu's Armour Shoppe.
  8170 | D:6      | Noticed Sigmund
  8176 | D:6      | Killed Sigmund
  8272 | D:6      | Reached XP level 9. HP: 25/45 MP: 18/23
  8414 | D:6      | Found a staircase to the Ecumenical Temple.
  8426 | Temple   | Entered the Ecumenical Temple
  8499 | Temple   | Became a worshipper of Vehumet
  8749 | D:7      | Noticed Joseph
  8758 | D:7      | Killed Joseph
 10406 | D:8      | Noticed a death yak
 10432 | D:8      | Noticed Erica
 10444 | D:7      | Killed Erica
 10444 | D:7      | Reached skill level 5 in Stealth
 10444 | D:7      | Reached XP level 10. HP: 15/50 MP: 8/25
 10661 | D:8      | Noticed a two-headed ogre
 10752 | D:7      | Reached * piety under Vehumet
 10752 | D:7      | Offered knowledge of Sting by Vehumet.
 10834 | D:8      | Killed a two-headed ogre
 10834 | D:8      | Reached skill level 5 in Dodging
 10838 | D:8      | Reached skill level 10 in Fire Magic
 10981 | D:8      | Noticed a death yak
 10981 | D:8      | Noticed a death yak
 11135 | D:8      | Found a staircase to the Lair.
 11429 | D:8      | Noticed a death yak
 11429 | D:8      | Noticed a death yak
 11440 | D:8      | Noticed a death yak
 11442 | D:8      | Killed a death yak
 11450 | D:8      | Killed a death yak
 11450 | D:8      | Reached skill level 10 in Conjurations
 11478 | D:7      | Slain by a death yak

Vault maps used:
D:1:      nagdon_arrival_zigzag_paths
D:2:      lemuel_round_altar, trog_book
D:3:      nicolae_ru_awakened_eye, chequers_temple_overflow_statue_of_worship,
          first_ration, fedhas_altar_2
D:4:      uniq_pikel, uniq_crazy_yiuf_cottage
D:5:      serial_shops, nicolae_shop_behind_doors, minmay_misc_feat_chi,
          uniq_grinder, uniq_ijyb
D:6:      minmay_temple_entry_nine_rooms, serial_shops, shop, uniq_sigmund
D:7:      minmay_misc_feat_columns, uniq_joseph
D:8:      old_standard_altar, grunt_temple_overflow_open, dpeg_lair_monsters,
          uniq_erica
Temple:   zaba_magenta_temple

Skill      XL: |  1  2  3  4  5  6  7  8  9 10 |
---------------+-------------------------------+-----
Conjurations   | 2 3 4 5 6 7 9 10 | 10.0
Fire Magic     | 4 5 6 7 8 9 10 | 10.4
Spellcasting   | 5 6 8 9 |  9.2
Dodging        | 4 6 |  6.5
Stealth        | 5 7 |  7.1

Action                   |  1- 3 |  4- 6 |  7- 9 | 10-12 || total
-------------------------+-------+-------+-------+-------++-------
Melee: Short sword       |    37 |     2 |       |       ||    39
       Spear             |       |     2 |       |       ||     2
       Whip              |       |       |    19 |       ||    19
       Dagger            |       |       |    72 |    12 ||    84
 Fire: Blowgun           |       |     3 |       |       ||     3
 Cast: Flame Tongue      |    65 |   119 |   161 |    31 ||   376
       Conjure Flame     |     1 |     2 |    12 |     4 ||    19
       Sticky Flame      |       |     3 |    31 |    11 ||    45
       Fireball          |       |       |     6 |     5 ||    11
Evoke: Wand              |       |       |     9 |       ||     9
  Use: Scroll            |       |     8 |     6 |       ||    14
       Potion            |       |       |     1 |       ||     1
 Stab: Sleeping          |     7 |       |     3 |       ||    10
  Eat: Chunk             |     5 |     7 |    14 |     2 ||    28
       Ration            |       |       |     2 |     1 ||     3
Armor: Robe              |    22 |    23 |    63 |     6 ||   114
Dodge: Dodged            |    45 |    62 |    79 |    22 ||   208

Table legend:
 A = Spawn XP
 B = Non-spawn XP
 C = Spawn XP percentage of total XP
 D = Spawn monster count
 E = Non-spawn monster count
 F = Spawn count percentage of total count
 G = Total turns spent on level
                    A         B        C        D         E        F      G
               +---------+---------+-------+---------+---------+-------+---------
         Total |       0 |    8985 |   0.0 |       0 |     194 |   0.0 | 11478
               +---------+---------+-------+---------+---------+-------+---------
           D:1 |       0 |      36 |   0.0 |       0 |      21 |   0.0 |  1148
           D:2 |       0 |      58 |   0.0 |       0 |      23 |   0.0 |  1651
           D:3 |       0 |     868 |   0.0 |       0 |      38 |   0.0 |  1520
           D:4 |       0 |     328 |   0.0 |       0 |      21 |   0.0 |  1384
           D:5 |       0 |     943 |   0.0 |       0 |      25 |   0.0 |  1595
           D:6 |       0 |     690 |   0.0 |       0 |      27 |   0.0 |  1353
           D:7 |       0 |    2638 |   0.0 |       0 |      20 |   0.0 |  2055
           D:8 |       0 |    3424 |   0.0 |       0 |      19 |   0.0 |   683
               +---------+---------+-------+---------+---------+-------+---------
